 Dungeon Crawl Stone Soup version 0.31-a0-83-gbff143cfd1 (webtiles) character file.

Game seed: 10681630956802766513

42 Angani the Caller (level 3, -2/16 HPs)
             Began as a Vine Stalker Summoner on May 24, 2023.
             Was a Follower of Ru.
             Slain by Crazy Yiuf
             ... wielding a +3 quarterstaff of chaos
              (9 damage)
             ... on level 2 of the Dungeon.
             The game lasted 00:03:49 (1269 turns).

Angani the Caller (Vine Stalker Summoner)           Turns: 1269, Time: 00:03:49

Health: -2/16      AC:  3    Str: 10    XL:     3   Next: 56%
Magic:  0/8        EV: 12    Int: 15    God:    Ru [*.....]
Gold:   145        SH:  0    Dex: 16    Spells: 5/8 levels left

rFire   . . .        d - +0 rapier
rCold   . . .        (no shield)
rNeg    . . .        a - +0 robe
rPois   .            h - +0 helmet
rElec   .            (no cloak)
rCorr   .            (no gloves)
SInv    .            (no boots)
Will    .....        (no amulet)
Stlth   ++           (no ring)
HPRegen 0.22/turn    (no ring)
MPRegen 0.11/turn

%: guardian spirit
@: no status effects
A: fangs 2, magic shield, antimagic bite, no potion heal 2, no fire magic, no
hexes magic, no necromancy magic
a: Renounce Religion


You were on level 2 of the Dungeon.
You worshipped Ru.
Ru was aware of your devotion.
You visited 1 branch of the dungeon, and saw 2 of its levels.

You collected 145 gold pieces.

Inventory:

Hand Weapons
 d - a +0 rapier (weapon)
Armour
 a - a +0 robe (worn)
 h - a +0 helmet (worn)
Scrolls
 e - a scroll of torment {unknown}
 i - 2 scrolls of identify {unknown}
 j - a scroll of enchant armour {unknown}
 l - a scroll of blinking {unknown}
 n - a scroll of vulnerability {unknown}
Potions
 b - a potion of magic
 c - a potion of resistance {unknown}
 f - a potion of might {unknown}
 g - a potion of heal wounds {unknown}
 k - a potion of cancellation {unknown}
 m - 2 potions of curing {unknown}


   Skills:
 - Level 1.5 Dodging
 - Level 2.4 Stealth
 + Level 3.2 Spellcasting
 + Level 4.6 Summonings


You had 5 spell levels left.
You knew the following spells:

 Your Spells              Type           Power      Damage    Failure   Level
a - Summon Small Mammal   Summ           64%        N/A       3%          1
b - Call Imp              Summ           32%        N/A       4%          2

Your spell library contained the following spells:

 Spells                   Type           Power      Damage    Failure   Level
 Call Canine Familiar     Summ           16%        N/A       9%          3
 Summon Lightning Spire   Summ/Air       8%         N/A       65%         4
 Passage of Golubria      Tloc           2%         N/A       89%         4
 Lehudib's Crystal Spear  Conj/Erth      0%         10d2      100%        8
 Summon Guardian Golem    Hex/Summ       Unusable   N/A       N/A         3
 Silence                  Hex/Air        Unusable   N/A       N/A         5

Dungeon Overview and Level Annotations

Branches:
Dungeon (2/15)

Altars:
Ru

Shops:
D:1 [

Annotations:
D:2 Crazy Yiuf


Innate Abilities, Weirdness & Mutations

You have extremely sharp teeth.
When hurt, damage is shared between your health and your magic reserves.
Your bite disrupts and absorbs the magic of your enemies.
Potions cannot restore your health.
You cannot study or cast Fire magic.
You cannot study or cast Hexes magic.
You cannot study or cast Necromancy magic.


Message History

The dart slug is severely wounded.
The dart slug launches a dart at you. The slug dart hits you.
Your cerulean imp hits the dart slug from afar with a -3 spear.
The dart slug dies!
No target in view!
You swap places.
Your cerulean imp disappears in a puff of smoke!
You see here a +0 short sword.
Found a runed translucent door.
Press: ? - help, v - describe, . - travel, g - get item Item here: a runed hammer.
The floor.
Casting: Call Imp (safe; 4% risk of failure)
Press: ? - help, Q - select action, (/) - cycle Dir - look around, f - activate A tiny devil pulls itself out of the air.
Crazy Yiuf cries, "Ice!"
Unknown command.
You open the door.
You swap places.
Your cerulean imp hits Crazy Yiuf but does no damage.
Crazy Yiuf hits your cerulean imp with a +3 quarterstaff of chaos!
Your cerulean imp dies!
Your cerulean imp disappears in a puff of smoke!
Casting: Call Imp (safe; 4% risk of failure)
Press: ? - help, Q - select action, (/) - cycle Dir - look around, f - activate A tiny devil pulls itself out of the air.
Unknown command.
You hit Crazy Yiuf.
Crazy Yiuf is moderately wounded.
Crazy Yiuf barely misses you.
Your cerulean imp hits Crazy Yiuf from afar with a -3 spear.
Unknown command.
You hit Crazy Yiuf but do no damage. You bite Crazy Yiuf, but do no damage.
Crazy Yiuf is moderately wounded.
Crazy Yiuf hits you with a +3 quarterstaff of chaos!
Ouch! That really hurt!
You are electrocuted!
Ouch! That really hurt!
You die...

##.######.# . #.#.#
##......#.# #.#.#
....###.#.. #.#†# ....#
#.### #.#.#### ....# #.#
#....... ....# #.#
###.#### ....# #.########
#.# ....# #.#....#.###
### #.#### ....#
#....P..#5@##...# #.....
....###....P.####g'...#
###### .....###....##
###..)# #. .......######
### #. .....÷..## ##
.........# #.
.........################
#.
#####...>...............#
#. #...###.............#
#.


You could see Crazy Yiuf (ally target) and a friendly cerulean imp (summoned).

Vanquished Creatures
  An adder (D:2)
  A dart slug (D:1)
  3 bats
  2 endoplasms
  A giant cockroach (D:2)
  A hobgoblin (D:2)
  3 kobolds
  2 quokkas
  2 frilled lizards
  2 goblins (D:1)
  A rat (D:1)
19 creatures vanquished.

Vanquished Creatures (collateral kills)
  A worm (D:2)
  2 dart slugs (D:2)
  A ball python (D:1)
  A goblin (D:2)
  A rat (D:2)
6 creatures vanquished.

Grand Total: 25 creatures vanquished

Notes
Turn   | Place    | Note
-------+----------+-------------------------------------------
     0 | D:1      | Angani the Vine Stalker Summoner began the quest for the
                  | Orb.
     0 | D:1      | Reached XP level 1. HP: 9/9 MP: 4/4
   189 | D:1      | Found a faded altar of an unknown god.
   195 | D:1      | Prayed at the altar of an unknown god.
   195 | D:1      | Became a worshipper of Ru the Awakened
   197 | D:1      | Gained mutation: You cannot study or cast Fire magic. [Ru
                  | sacrifice]
   197 | D:1      | Gained mutation: You cannot study or cast Hexes magic. [Ru
                  | sacrifice]
   197 | D:1      | Gained mutation: You cannot study or cast Necromancy magic.
                  | [Ru sacrifice]
   197 | D:1      | Reached * piety under Ru
   228 | D:1      | Reached XP level 2. HP: 13/13 MP: 2/6
   324 | D:1      | Learned a level 2 spell: Call Imp
   471 | D:1      | Found Toklyoro's Armour Boutique.
   866 | D:2      | Reached XP level 3. HP: 4/16 MP: 1/8
  1256 | D:2      | Found a runed translucent door.
  1261 | D:2      | Noticed Crazy Yiuf
  1269 | D:2      | Slain by Crazy Yiuf

Illustrated notes

Levels and vault maps discovered:
D:1:      lemuel_arrival_river_ford, layout_rooms,
          shapermc_ecumenical_altar_pompeii, serial_shops, shop_fountains
D:2:      layout_basic, uniq_crazy_yiuf_cottage

Skill      XL: |  1  2 |
---------------+-------+-----
Spellcasting   | 3 |  3.2
Dodging        | |  1.5
Stealth        | |  2.4
Summonings     | |  4.6

Action                     || total
---------------------------++-------
  Melee: Rapier            ||    52
         Bite              ||    16
   Cast: Summon Small Mamm ||     8
         Call Imp          ||    15
 Invoke: Sacrifice Arcana  ||     1
   Stab: Sleeping          ||     1
 Armour: Robe              ||    25
  Dodge: Dodged            ||    25

Table legend: (Time is in decaauts)
 A = Elapsed time spent in this place.
 B = Non-inter-level travel time spent in this place.
 C = Inter-level travel time spent in this place.
 D = Time resting spent in this place.
 E = Time spent auto-exploring this place.
 F = Levels seen in this place.
 G = Mean time per level.
                   A        B        C        D        E       F      G
               +--------+--------+--------+--------+--------+-----+--------+
         Total |   1284 |   1276 |      8 |     58 |    960 |   2 |  642.0 |
       Dungeon |   1284 |   1276 |      8 |     58 |    960 |   2 |  642.0 |
               +--------+--------+--------+--------+--------+-----+--------+

Top non-repeatable levels by time:
     D:1: 677 daAuts
     D:2: 606 daAuts
